 Dungeon Crawl Stone Soup version 0.30.2 (webtiles) character file.

Game seed: 13282073297926318626

2230 porpoise the Fighter (level 9, -2/71 HPs)
             Began as a Djinni Earth Elementalist on Feb 19, 2024.
             Was a Follower of Makhleb.
             Slain by a yak (14 damage)
             ... on level 7 of the Dungeon.
             The game lasted 00:24:44 (7379 turns).

porpoise the Fighter (Djinni Earth Elementalist)    Turns: 7379, Time: 00:24:44

Health: -2/71      AC:  5    Str:  7    XL:     9   Next: 62%
Gold:   375        EV: 12    Int: 21    God:    Makhleb [*.....] SH:  0 Dex: 14

rFire   + + +        b - +0 sling
rCold   x . .        (no shield)
rNeg    . . .        J - +0 robe
rPois   ∞            B - +1 helmet
rElec   .            K - +0 cloak
rCorr   .            (no gloves)
SInv    .            (boots unavailable)
Will    .....        (no amulet)
Stlth   ++           p - ring of protection from fire
HPRegen 0.31/turn    (no ring)
MPRegen 0.00/turn

%: infuse magic (-3 HP)
@: flying
A: sickness immunity, fire resistance 2, cold vulnerability 1, float, innate
caster, HP casting, extra vitality 1
a: Renounce Religion


You were on level 7 of the Dungeon.
You worshipped Makhleb.
Makhleb was aware of your devotion.
You visited 1 branch of the dungeon, and saw 7 of its levels.

You collected 375 gold pieces.

Inventory:

Hand Weapons
 a - a +2 whip of electrocution
 b - a +0 sling (weapon)
 w - a +0 falchion of holy wrath
 x - a +3 dagger
 I - a +1 hand axe of venom
Missiles
 d - 3 boomerangs
 j - 3 curare-tipped darts
 u - 19 poisoned darts
 C - 6 silver javelins
Armour
 t - the +3 scale mail of Lugonu's Anger {+Inv rC+}
   (You found it on level 4 of the Dungeon)

   rC:        It protects you from cold.
   +Inv:      It lets you turn invisible.
 B - a +1 helmet (worn)
 J - a +0 robe (worn)
 K - a +0 cloak (worn)
Jewellery
 p - a ring of protection from fire (left hand)
Wands
 l - a wand of mindburst (16)
 y - a wand of charming (8)
 H - a wand of polymorph (8)
Scrolls
 c - 4 scrolls of teleportation
 i - a scroll of amnesia {unknown}
 o - 3 scrolls of fog
 q - a scroll of enchant armour
 v - 4 scrolls of noise
 A - 2 scrolls of blinking
 F - a scroll of enchant weapon {unknown}
Potions
 e - a potion of ambrosia {unknown}
 f - 2 potions of cancellation
 g - 6 potions of curing
 h - 2 potions of heal wounds
 k - a potion of mutation {unknown}
 m - a potion of might {unknown}
 n - 2 potions of invisibility
 r - a potion of flight {unknown}
 s - a potion of haste {unknown}
 z - a potion of lignification {unknown}
 D - 3 potions of brilliance
 E - a potion of berserk rage {unknown}
 G - a potion of attraction {unknown}


   Skills:
 + Level 8.7 Fighting
 - Level 2.1 Dodging
 - Level 1.5 Stealth
 - Level 7.0 Spellcasting


You knew the following spells:

 Your Spells              Type           Power      Damage    Failure   Level
a - Sandblast             Erth           72%        2d16      1%          1
b - Passwall              Tmut/Erth      30%        N/A       1%          2
c - Stone Arrow           Conj/Erth      72%        3d11      1%          3
d - Petrify               Tmut/Erth      36%        N/A       4%          4
e - Summon Small Mammal   Summ           100%       N/A       1%          1
f - Static Discharge      Conj/Air       72%        2-5/arc   1%          2
g - Inner Flame           Hex/Fire       36%        N/A       1%          3
h - Spider Form           Tmut/Pois      36%        N/A       1%          3
Your spell library was empty.

Dungeon Overview and Level Annotations

Branches:
Dungeon (7/15)             Temple (0/1) D:6

Altars:
Makhleb
Xom

Shops:
D:1 ?

Annotations:
D:1 dig


Innate Abilities, Weirdness & Mutations

You are immune to sickness and miasma.
You are immune to poison.
Your flesh is very heat resistant. (rF++)
You are vulnerable to cold. (rC-)
You float through the air rather than walking.
You learn spells naturally, not from books.
Your magical power is your life essence.
You have superior vitality. (+4 MHP)


Message History

Your Spellcasting skill increases to level 7!
Casting: Sandblast (safe; 1% risk of failure)
Confirm with . or Enter, or press ? or * to list all spells.
Okay, then.
Unknown command.
The water moccasin bites you. The water moccasin misses you.
Casting: Sandblast (safe; 1% risk of failure)
Confirm with . or Enter, or press ? or * to list all spells.
Aiming: Sandblast (safe; 1% risk of failure)
Press: ? - help, Shift-Dir - straight line, f - water moccasin
Aim: a water moccasin (severely wounded, 73% to hit)
The blast of sand misses the water moccasin.
The blast of sand hits the yak!
The yak is moderately wounded.
The water moccasin closely misses you.
The water moccasin completely misses you.
The yak barely misses you.
Casting: Sandblast (safe; 1% risk of failure)
Confirm with . or Enter, or press ? or * to list all spells.
Aiming: Sandblast (safe; 1% risk of failure)
Press: ? - help, Shift-Dir - straight line, f/p - water moccasin
Aim: a water moccasin (severely wounded, 73% to hit)
The blast of sand hits the water moccasin.
The water moccasin is almost dead.
The water moccasin bites you. The yak misses you.
The water moccasin bites you but does no damage.
Casting: Sandblast (safe; 1% risk of failure)
Confirm with . or Enter, or press ? or * to list all spells.
Aiming: Sandblast (safe; 1% risk of failure)
Press: ? - help, Shift-Dir - straight line, f/p - water moccasin
Aim: a water moccasin (almost dead, 73% to hit)
The blast of sand hits the water moccasin!
You kill the water moccasin!
Makhleb accepts your kill. The yak gores you!
The yak gores you but does no damage. The yak gores you. The yak gores you!
* * * LOW HITPOINT WARNING * * *
The yak gores you!
You die...

#'####..#8.♣#
#.>.#####...#
#.<.....#♣.♣#
+..Y....#...#
+.......#♣.♣#
#...##..#...#
##Y## ..#♣.♣#
#...)Y .#...#
#...Y.Y #♣@♣#
.[......#YYY#
#.........Y.##
#.......Y.###
.........!
#######


You could see 5 yaks.

Vanquished Creatures
  3 yaks
  A steam dragon (D:6)
  2 water moccasins
  An ice beast (D:6)
  An orc warrior (D:6)
  3 ogres
  A black bear (D:6)
  A phantom (D:7)
  3 kobold brigands
  A gnoll sergeant (D:5)
  A scorpion (D:5)
  A howler monkey (D:7)
  2 hounds
  2 orc priests
  Crazy Yiuf (D:6)
  2 jellies
  2 sleepcaps (D:6)
  4 iguanas
  An orc wizard (D:6)
  4 gnolls (D:5)
  A river rat (D:4)
  3 adders
  A shadow imp (D:5)
  A white imp (D:6)
  2 ufetubi
  3 worms
  A dart slug (D:3)
  18 orcs
  8 endoplasms
  2 giant cockroaches
  6 goblins
  6 hobgoblins
  3 quokkas
  5 ball pythons
  7 bats
  3 frilled lizards
  26 kobolds
  7 rats
140 creatures vanquished.

Notes
Turn   | Place    | Note
-------+----------+-------------------------------------------
     0 | D:1      | porpoise the Djinni Earth Elementalist began the quest for
                  | the Orb.
     0 | D:1      | porpoise set off with the following spells memorised:
                  | Sandblast, Passwall, Stone Arrow, Petrify.
     0 | D:1      | Reached XP level 1. HP: 15/15 MP: 0/0
   207 | D:1      | Found Ukificvoc's Magic Scroll Shop.
   302 | D:1      | Reached XP level 2. HP: 21/22 MP: 0/0
   372 | D:1      | Reached skill level 1 in Fighting
   973 | D:1      | Reached XP level 3. HP: 26/27 MP: 0/0
   973 | D:1      | Learned a level 1 spell: Summon Small Mammal
  1149 | D:2      | Found a faded altar of an unknown god.
  1633 | D:2      | Reached skill level 2 in Fighting
  2125 | D:3      | Reached XP level 4. HP: 33/33 MP: 0/0
  2160 | D:3      | You are sucked into a shaft and drop 2 floors!
  2160 | D:5      | Entered Level 5 of the Dungeon
  2763 | D:4      | Found a shimmering altar of Xom.
  2766 | D:4      | Found a shimmering altar of Xom.
  2766 | D:4      | Found a shimmering altar of Xom.
  3091 | D:4      | Identified the +3 scale mail of Lugonu's Anger {+Inv rC+}
  3113 | D:4      | Reached XP level 5. HP: 35/40 MP: 0/0
  3113 | D:4      | Learned a level 2 spell: Static Discharge
  3413 | D:4      | Reached skill level 3 in Fighting
  4042 | D:5      | Reached XP level 6. HP: 41/46 MP: 0/0
  4217 | D:5      | Reached skill level 4 in Fighting
  4393 | D:5      | Reached XP level 7. HP: 13/53 MP: 0/0
  4393 | D:5      | Learned a level 3 spell: Inner Flame
  4970 | D:5      | Found a burning altar of Makhleb.
  4977 | D:5      | Reached skill level 5 in Fighting
  4984 | D:5      | Became a worshipper of Makhleb the Destroyer
  5039 | D:5      | Noticed a water moccasin
  5046 | D:5      | Killed a water moccasin
  5047 | D:5      | Reached skill level 5 in Spellcasting
  5186 | D:6      | Found a runed translucent door.
  5187 | D:6      | Noticed Crazy Yiuf
  5243 | D:6      | Found a staircase to the Ecumenical Temple.
  5253 | D:6      | Reached XP level 8. HP: 47/61 MP: 0/0
  5420 | D:6      | Reached skill level 6 in Fighting
  6186 | D:6      | Reached skill level 7 in Fighting
  6237 | D:6      | Reached * piety under Makhleb
  6238 | D:6      | Reached XP level 9. HP: 66/68 MP: 0/0
  6238 | D:6      | Learned a level 3 spell: Spider Form
  6411 | D:6      | HP: 1/68 [orc warrior/+0 long sword (12)]
  6757 | D:6      | Killed Crazy Yiuf
  7040 | D:7      | Reached skill level 8 in Fighting
  7075 | D:6      | HP: 3/70 [yak (7)]
  7379 | D:7      | Slain by a yak

Illustrated notes

Levels and vault maps discovered:
D:1:      dpeg_arrival_pits, layout_loops_corners, serial_shops,
          nicolae_diamond_shop, due_unseen_surprise
D:2:      layout_loops_cross, shapermc_ecumenical_altar_gd,
          minmay_quadrilaterals
D:3:      layout_rooms
D:4:      layout_cave_pods, xom_redecorated, portal_sewer_entry_b
D:5:      layout_basic, lemuel_crystal_altar, nrook_mini_vaults
D:6:      layout_basic, minmay_temple_entry_arrows, sigmund_army,
          uniq_crazy_yiuf_cottage, uniq_grinder
D:7:      layout_gridville, chequers_avenue, kennysheep_big_empty_room,
          chequers_serial_rivers_room_a, serial_bayou_lake_a

Skill      XL: |  1  2  3  4  5  6  7  8  9 |
---------------+----------------------------+-----
Fighting       | 1 2 3 4 5 7 8 |  8.7
Spellcasting   | 3 4 5 6 7 |  7.0
Dodging        | |  2.1
Stealth        | |  1.5

Action                     |  1- 3 |  4- 6 |  7- 9 || total
---------------------------+-------+-------+-------++-------
  Melee: Flail             |     7 |       |       ||     7
         Falchion          |     5 |       |       ||     5
         Hand axe          |       |    14 |     3 ||    17
         Whip              |       |       |     6 ||     6
   Fire: Sling             |    19 |    62 |    61 ||   142
   Cast: Sandblast         |    48 |    68 |   100 ||   216
         Stone Arrow       |       |       |    10 ||    10
         Inner Flame       |       |       |     2 ||     2
         Static Discharge  |       |       |     1 ||     1
         Petrify           |       |       |     1 ||     1
    Use: Scroll            |       |     9 |     3 ||    12
         Potion            |       |       |     1 ||     1
 Armour: Robe              |    10 |     2 |    17 ||    29
  Dodge: Dodged            |    20 |    36 |    60 ||   116
